 Dungeon Sprint DCSS version 0.22-a0-322-g60b3cfd (webtiles) character file.

18924 emperorscorpion the Eclecticist (level 12, -13/67 HPs)
             Began as a Deep Elf Fire Elementalist on Apr 5, 2018.
             Was the Champion of Vehumet.
             Mangled by a vampire knight
             ... wielding a +1 war axe
              (15 damage)
             ... in the Dungeon (Sprint IX: "|||||||||||||||||||||||||||||").
             The game lasted 00:15:31 (1565 turns).

emperorscorpion the Eclecticist (DEFE)              Turns: 1565, Time: 00:15:34

Health: -13/67     AC: 13    Str:  5    XL:     12   Next: 32%
Magic:  26/36      EV: 14    Int: 29    God:    Vehumet [******]
Gold:   894        SH:  0    Dex: 18    Spells: 21/48 levels left

rFire    + . .     SeeInvis .   a - staff of energy
rCold    . . .     Gourm    .   (no shield)
rNeg     . . .     Faith    .   G - +1 ring mail {rF+}
rPois    .         Spirit   .   A - +1 helmet
rElec    .         Reflect  .   E - scarf {cloud immunity}
rCorr    .         Harm     .   K - +1 pair of gloves
MR       +....     NoTele   +   F - +1 pair of boots
Stlth    ++........             (no amulet)
HPRegen  0.21/turn              q - +3 ring of dexterity
MPRegen  0.25/turn              r - +3 ring of intelligence

@: no status effects
A: no striking features
a: Renounce Religion


You were in the Dungeon.
You worshipped Vehumet.
Vehumet was exalted by your worship.
You were hungry.

You visited 1 branch You collected 1908 gold pieces.
You spent 1014 gold pieces at shops.

Inventory:

Hand Weapons
 b - a +2 scimitar of holy wrath
 u - the cursed +2 rapier of the Little People {pierce, MR++}
   (You found it in the Dungeon)

   It inflicts extra damage upon your enemies.
   It affects your resistance to hostile enchantments.
   It has a curse placed upon it.
Armour
 l - a +0 robe
 n - a +0 cloak
 p - a +2 ring mail
 y - a +0 pair of boots
 A - a +1 helmet (worn)
 E - a scarf of cloud immunity (worn)
 F - a +1 pair of boots (worn)
 G - a +1 ring mail of fire resistance (worn)
 K - a +1 pair of gloves (worn)
Magical Staves
 a - an uncursed staff of energy (weapon)
Jewellery
 q - a +3 ring of dexterity (left hand)
 r - a +3 ring of intelligence (right hand)
 H - an uncursed ring of see invisible
 I - an uncursed ring of fire
 J - an uncursed ring of protection from magic
Wands
 k - a wand of acid (6)
Scrolls
 h - 4 scrolls of remove curse
 i - 5 scrolls of blinking
 j - 2 scrolls of amnesia
 o - a scroll of fear
 v - a scroll of identify
 w - 2 scrolls of fog
 x - 2 scrolls of enchant weapon
Potions
 d - 7 potions of curing
 e - 5 potions of heal wounds
 f - 3 potions of haste
 g - 4 potions of magic
 m - a potion of invisibility
 s - 2 potions of berserk rage
 t - 2 potions of agility
 B - a potion of flight {unknown}
Miscellaneous
 C - a crystal ball of energy
 D - a lamp of fire
Comestibles
 c - 12 rations
 z - 7 chunks of flesh


   Skills:
 + Level 4.4 Fighting
 + Level 5.7 Long Blades
 * Level 4.0 Armour
 * Level 10.3 Dodging
 - Level 3.5 Stealth
 + Level 4.6 Unarmed Combat
 + Level 18.6 Spellcasting
 + Level 14.5 Conjurations
 + Level 17.9 Fire Magic
 + Level 1.2 Air Magic
 + Level 12.7 Evocations


You had 21 spell levels left.
You knew the following spells:

 Your Spells              Type           Power        Failure   Level  Hunger
a - Flame Tongue          Conj/Fire      #####        0%          1    None
b - Conjure Flame         Conj/Fire      #######.     1%          3    None
c - Fireball              Conj/Fire      #######...   1%          5    None
d - Sticky Flame          Conj/Fire      #######.     1%          4    None
e - Bolt of Fire          Conj/Fire      #######...   1%          6    None
f - Iskenderun's Mystic   Conj           #######.     1%          4    None
g - Airstrike             Air            ####......   11%         4    None


Dungeon Overview and Level Annotations

Branches:
Dungeon (1/1)

Altars:
Cheibriados
Dithmenos
Elyvilon
Fedhas
Gozag
Hepliaklqana
Kikubaaqudgha
Makhleb
Nemelex Xobeh
Okawaru
Qazlal
Ru
Sif Muna
Trog
Uskayaw
Vehumet
Wu Jian
Xom
Yredelemnul
Zin
The Shining One
Beogh
Jiyva
Lugonu

Shops:
D [(*}


Message History

The green ugly thing is engulfed in blazing flames.
You kill the green ugly thing!
Vehumet accepts your kill.
You feel your power returning.
Your Armour skill increases to level 4!
A great orb of eyes comes into view.
The great orb of eyes turns its gaze towards you.
You see here a bullfrog corpse.
Things that are here:
a long sword of draining; a robe A tengu reaver comes into view.
It is wielding a battleaxe.
Things that are here:
an arbalest; 19 bolts You barely miss something.
Something hits you!!
* * * LOW HITPOINT WARNING * * *
Something bites you.
* * * LOW HITPOINT WARNING * * *
Something draws strength from your injuries!
Something hits you!
You die...

▓(▓'▓.▓[▓.▓'▓
▓.▓.▓.▓.▓.▓.▓.▓
▓Q▓(▓.▓.▓.▓.▓.▓
▓G▓.▓.▓.▓.▓.▓.▓
▓§▓.▓.▓.▓'▓.▓.▓
▓§▓.▓)▓.▓.▓.▓)▓
▓§▓.▓∩▓.▓.▓.▓÷▓
▓.▓)▓)▓.▓(▓.▓'▓
▓@▓.▓∩▓.▓.▓.▓.▓
▓§▓.▓)▓.▓.▓.▓.▓
▓†▓.▓∩▓.▓.▓.▓.▓
▓)▓.▓)▓.▓.▓.▓÷▓
▓.▓.▓∩▓.▓.▓.▓)▓
▓)▓.▓.▓.▓.▓.▓)▓
▓.▓.▓)▓.▓†▓.▓.▓
▓÷▓.▓)▓.▓.▓.▓.▓
▓'▓.▓)▓.▓.▓.▓.▓


You could see a tengu reaver (wandering) and a great orb of eyes.

Vanquished Creatures
  A frost giant (D)
  An ettin (D)
  A rakshasa (D)
  2 ogre magi (D)
  6 two-headed ogres (D)
  A tengu warrior (D)
  Urug (D)
  An unseen horror (D)
  3 orc knights (D)
  An ugly thing (D)
  A cyclops (D)
  Joseph (D)
  A gargoyle (D)
  5 spiny frogs (D)
  A rime drake (D)
  A yaktaur (D)
  A komodo dragon (D)
  A troll (D)
  A tyrant leech (D)
  A blink frog (D)
  A yak (D)
  2 basilisks (D)
  A wraith (D)
  2 vampire mosquitoes (D)
  An acid dragon (D)
  2 water moccasins (D)
  2 porcupines (D)
  11 orc warriors (D)
  A necrophage (D)
  A black bear (D)
  5 ogres (D)
  A phantom (D)
  3 crocodiles (D)
  A wolf (D)
  7 bullfrogs (D)
  2 scorpions (D)
  A crimson imp (D)
  An orc priest (D)
  3 orc wizards (D)
  A worker ant (D)
  A dart slug (D)
  A leopard gecko (D)
  11 orcs (D)
  A bat zombie (D)
  A goblin (D)
  A hobgoblin (D)
  A frilled lizard (D)
  A kobold (D)
  A rat (D)
100 creatures vanquished.

Notes
Turn   | Place    | Note
-------+----------+-------------------------------------------
     0 | D        | emperorscorpion the Deep Elf Fire Elementalist began the quest for the Orb.
     0 | D        | Reached XP level 1. HP: 10/10 MP: 6/6
   237 | D        | Noticed a worker ant
   237 | D        | Noticed an orc wizard
   242 | D        | Killed an orc wizard
   242 | D        | Reached skill level 4 in Spellcasting
   242 | D        | Reached skill level 5 in Fire Magic
   242 | D        | Reached XP level 2. HP: 15/15 MP: 1/9
   242 | D        | Reached XP level 3. HP: 19/19 MP: 1/11
   251 | D        | Reached skill level 5 in Spellcasting
   265 | D        | Found a roughly hewn altar of Beogh.
   265 | D        | Found a snail-covered altar of Cheibriados.
   265 | D        | Found a shadowy altar of Dithmenos.
   265 | D        | Found a white marble altar of Elyvilon.
   265 | D        | Found a blossoming altar of Fedhas.
   265 | D        | Found an opulent altar of Gozag.
   266 | D        | Found a hazy altar of Hepliaklqana.
   267 | D        | Found a viscous altar of Jiyva.
   268 | D        | Found an ancient bone altar of Kikubaaqudgha.
   269 | D        | Found a corrupted altar of Lugonu.
   270 | D        | Found a burning altar of Makhleb.
   271 | D        | Found a sparkling altar of Nemelex Xobeh.
   272 | D        | Found an iron altar of Okawaru.
   273 | D        | Found a stormy altar of Qazlal.
   274 | D        | Found a sacrificial altar of Ru.
   275 | D        | Found a deep blue altar of Sif Muna.
   276 | D        | Found a bloodstained altar of Trog.
   277 | D        | Found a hide-covered altar of Uskayaw.
   278 | D        | Found a radiant altar of Vehumet.
   279 | D        | Found an ornate altar of the Wu Jian Council.
   280 | D        | Found a shimmering altar of Xom.
   281 | D        | Found a basalt altar of Yredelemnul.
   282 | D        | Found a glowing silver altar of Zin.
   283 | D        | Found a glowing golden altar of the Shining One.
   286 | D        | Became a worshipper of Vehumet
   329 | D        | Learned a level 3 spell: Conjure Flame
   420 | D        | Noticed a gargoyle
   420 | D        | Noticed a bullfrog
   420 | D        | Noticed a scorpion
   420 | D        | Noticed a phantom
   420 | D        | Noticed a troll
   425 | D        | Killed a phantom
   425 | D        | Reached skill level 1 in Fighting
   425 | D        | Reached skill level 1 in Unarmed Combat
   425 | D        | Reached skill level 6 in Spellcasting
   425 | D        | Reached XP level 4. HP: 25/25 MP: 6/14
   425 | D        | Reached XP level 5. HP: 29/29 MP: 6/16
   432 | D        | Killed a troll
   432 | D        | Reached * piety under Vehumet
   432 | D        | Offered knowledge of Magic Dart by Vehumet.
   432 | D        | Reached skill level 8 in Spellcasting
   432 | D        | Reached skill level 10 in Fire Magic
   432 | D        | Reached skill level 1 in Evocations
   432 | D        | Reached XP level 6. HP: 34/34 MP: 0/19
   554 | D        | Learned a level 5 spell: Fireball
   559 | D        | Learned a level 4 spell: Sticky Flame
   610 | D        | Reached skill level 9 in Spellcasting
   619 | D        | Killed a gargoyle
   619 | D        | Offered knowledge of Searing Ray by Vehumet.
   619 | D        | Reached ** piety under Vehumet
   619 | D        | Reached skill level 1 in Long Blades
   619 | D        | Reached skill level 10 in Spellcasting
   619 | D        | Reached skill level 5 in Conjurations
   619 | D        | Reached XP level 7. HP: 28/40 MP: 1/22
   735 | D        | Noticed a wraith
   735 | D        | Noticed a yak
   735 | D        | Noticed a basilisk
   737 | D        | Killed a basilisk
   763 | D        | Killed a yak
   763 | D        | Reached skill level 11 in Spellcasting
   763 | D        | Reached XP level 8. HP: 40/45 MP: 17/25
   765 | D        | Reached *** piety under Vehumet
   887 | D        | Got the cursed +2 rapier of the Little People {pierce, MR++}
   897 | D        | Learned a level 6 spell: Bolt of Fire
   908 | D        | Noticed a spiny frog
   909 | D        | Offered knowledge of Ignite Poison by Vehumet.
   909 | D        | Reached **** piety under Vehumet
   916 | D        | Reached skill level 12 in Spellcasting
   918 | D        | Killed a spiny frog
   920 | D        | Reached XP level 9. HP: 50/50 MP: 8/27
   932 | D        | Reached ***** piety under Vehumet
   938 | D        | Reached skill level 13 in Spellcasting
   982 | D        | Noticed a spiny frog
   982 | D        | Noticed a rime drake
   982 | D        | Noticed a komodo dragon
   983 | D        | Reached skill level 5 in Evocations
   983 | D        | Killed a rime drake
   984 | D        | Killed a komodo dragon
   985 | D        | Killed a spiny frog
   987 | D        | Reached skill level 14 in Spellcasting
   994 | D        | Reached ****** piety under Vehumet
  1011 | D        | Noticed a spiny frog
  1011 | D        | Noticed a spiny frog
  1011 | D        | Noticed a tyrant leech
  1012 | D        | Killed a spiny frog
  1012 | D        | Reached skill level 10 in Conjurations
  1012 | D        | Reached XP level 10. HP: 56/56 MP: 16/30
  1014 | D        | Noticed a spiny frog
  1020 | D        | Reached skill level 15 in Fire Magic
  1022 | D        | Killed a spiny frog
  1024 | D        | Killed a spiny frog
  1024 | D        | Reached skill level 15 in Spellcasting
  1077 | D        | Noticed Joseph
  1082 | D        | Killed Joseph
  1082 | D        | Offered knowledge of Iskenderun's Mystic Blast by Vehumet.
  1088 | D        | Learned a level 4 spell: Iskenderun's Mystic Blast
  1168 | D        | Noticed an orc knight
  1169 | D        | Offered knowledge of Airstrike by Vehumet.
  1171 | D        | Killed an orc knight
  1180 | D        | Noticed an ettin
  1185 | D        | Killed an ettin
  1207 | D        | Learned a level 4 spell: Airstrike
  1233 | D        | Offered knowledge of Throw Icicle by Vehumet.
  1237 | D        | Reached skill level 16 in Spellcasting
  1247 | D        | Noticed an orc knight
  1248 | D        | Reached XP level 11. HP: 35/61 MP: 7/33
  1257 | D        | Killed an orc knight
  1296 | D        | Found Puup's Gadget Boutique.
  1296 | D        | Noticed a two-headed ogre
  1296 | D        | Noticed an ogre mage
  1298 | D        | Killed an ogre mage
  1298 | D        | Reached skill level 10 in Evocations
  1298 | D        | Killed a two-headed ogre
  1299 | D        | Noticed a two-headed ogre
  1300 | D        | Found Yfoif's General Store.
  1300 | D        | Noticed a two-headed ogre
  1303 | D        | Noticed an ogre mage
  1304 | D        | Killed a two-headed ogre
  1306 | D        | Killed a two-headed ogre
  1306 | D        | Reached skill level 17 in Spellcasting
  1307 | D        | Killed an ogre mage
  1307 | D        | Reached skill level 5 in Long Blades
  1310 | D        | Found Keqengef's Weapon Boutique.
  1314 | D        | Found Ydiatey's Armour Shop.
  1316 | D        | Noticed a two-headed ogre
  1317 | D        | Noticed a two-headed ogre
  1317 | D        | Bought a crystal ball of energy for 200 gold pieces
  1317 | D        | Bought a lamp of fire for 400 gold pieces
  1320 | D        | Noticed a two-headed ogre
  1321 | D        | Killed a two-headed ogre
  1321 | D        | Killed a two-headed ogre
  1323 | D        | Killed a two-headed ogre
  1333 | D        | Bought a scarf of cloud immunity for 84 gold pieces
  1333 | D        | Bought a +1 pair of boots for 138 gold pieces
  1333 | D        | Bought a +1 ring mail of fire resistance for 192 gold pieces
  1401 | D        | Noticed Urug
  1405 | D        | Killed Urug
  1405 | D        | Offered knowledge of Freezing Cloud by Vehumet.
  1405 | D        | Reached skill level 1 in Armour
  1541 | D        | Noticed a tengu warrior
  1544 | D        | Killed a tengu warrior
  1544 | D        | Reached skill level 18 in Spellcasting
  1545 | D        | Killed an unseen horror
  1545 | D        | Reached XP level 12. HP: 28/67 MP: 29/36
  1552 | D        | Noticed a rakshasa
  1555 | D        | Noticed a frost giant
  1558 | D        | Killed a rakshasa
  1559 | D        | Noticed a vampire knight
  1561 | D        | Killed a frost giant
  1561 | D        | Reached skill level 10 in Dodging
  1561 | D        | Reached skill level 1 in Air Magic
  1562 | D        | Noticed a great orb of eyes
  1564 | D        | Noticed a tengu reaver
  1565 | D        | HP: 3/67 [something (30)]
  1565 | D        | Mangled by a vampire knight

Vault maps used:
D:        linesprint

Skill      XL: |  1  2  3  4  5  6  7  8  9 10 11 12 |
---------------+-------------------------------------+-----
Fire Magic     | 5 8 10 12 13 14 16 17 | 17.9
Dodging        | 3 4 6 7 9 10 | 10.3
Stealth        | 3 |  3.5
Spellcasting   | 4 6 8 10 11 12 14 16 18 | 18.6
Conjurations   | 2 4 5 6 8 10 12 14 | 14.5
Fighting       | 1 2 3 4 |  4.4
Unarmed Combat | 1 2 3 4 |  4.6
Evocations     | 1 2 4 7 9 12 | 12.7
Long Blades    | 1 2 3 5 |  5.7
Armour         | 2 4 |  4.0
Air Magic      | 1 |  1.2

Action                   |  1- 3 |  4- 6 |  7- 9 | 10-12 || total
-------------------------+-------+-------+-------+-------++-------
Melee: Unarmed           |    17 |       |       |       ||    17
       Scimitar          |       |     2 |       |     3 ||     5
       Staff             |       |       |       |     1 ||     1
 Cast: Flame Tongue      |    12 |    15 |     4 |     1 ||    32
       Conjure Flame     |     1 |       |       |       ||     1
       Fireball          |       |     2 |     4 |     6 ||    12
       Sticky Flame      |       |     1 |     7 |     3 ||    11
       Bolt of Fire      |       |       |     8 |    36 ||    44
       Airstrike         |       |       |       |     1 ||     1
Evoke: Wand              |     2 |       |       |     2 ||     4
       Staff of energy   |       |       |    19 |    26 ||    45
       Lamp of fire      |       |       |       |     3 ||     3
  Use: Potion            |     2 |       |     1 |     1 ||     4
  Eat: Chunk             |       |       |     2 |     2 ||     4
Armor: Robe              |     1 |       |       |       ||     1
       Ring mail         |       |       |       |     2 ||     2
Dodge: Dodged            |     8 |     4 |    10 |    12 ||    34
       Rpst.: Scimitar   |       |     1 |       |     2 ||     3

Table legend:
 A = Spawn XP
 B = Non-spawn XP
 C = Spawn XP percentage of total XP
 D = Spawn monster count
 E = Non-spawn monster count
 F = Spawn count percentage of total count
 G = Total turns spent on level
                    A         B        C        D         E        F      G
               +---------+---------+-------+---------+---------+-------+---------
         Total |       0 |   27035 |   0.0 |       0 |     100 |   0.0 |  1565
               +---------+---------+-------+---------+---------+-------+---------
             D |       0 |   27035 |   0.0 |       0 |     100 |   0.0 |  1565
               +---------+---------+-------+---------+---------+-------+---------
